 Dungeon Crawl Stone Soup version 0.20.1-1-g8b1a95d (webtiles) character file.

1886 MovingMist the Covered (level 9, -8/56 HPs)
             Began as a Gargoyle Fighter on Nov 19, 2017.
             Was a Believer of Okawaru.
             Mangled by an orc knight
             ... wielding a +0 great sword
              (10 damage)
             ... in a bailey.
             The game lasted 00:16:57 (5413 turns).

MovingMist the Covered (Gargoyle Fighter)           Turns: 5413, Time: 00:16:57

Health: -8/56      AC: 20    Str: 30    XL:     9   Next: 14%
Magic:  8/9        EV:  8    Int: 10    God:    Okawaru [**....]
Gold:   581        SH: 14    Dex: 12    Spells: 8/8 levels left

rFire    . . .     SeeInvis .   V - +0 flail (holy)
rCold    . . .     Gourm    .   c - +0 shield
rNeg     + . .     Faith    .   M - +0 plate armour
rPois    ∞         Spirit   .   (no helmet)
rElec    +         Reflect  +   (no cloak)
rCorr    .         Harm     .   w - +1 pair of gloves
MR       .....                  (no boots)
Stlth    ..........             p - +4 amulet of reflection
Regen    0.2/turn               y - +6 ring of strength
MPRegen  0.2/turn               z - ring of flight

@: mighty
A: negative energy resistance 1, electricity resistance, unbreathing,
petrification resistance, rot immunity, AC +5
a: Heroism, Renounce Religion, Evoke Flight


You were in a bailey.
You worshipped Okawaru.
Okawaru was pleased with you.
You were not hungry.

You visited 2 branches of the dungeon, and saw 8 of its levels.
You also visited: Bailey.

You collected 581 gold pieces.

Inventory:

Hand Weapons
 U - a +2 halberd of electrocution
 V - a +0 flail of holy wrath (weapon)
Missiles
 T - 51 tomahawks of returning (quivered)
Armour
 c - a +0 shield (worn)
 w - a +1 pair of gloves (worn)
 D - a +0 chain mail
 M - a +0 plate armour (worn)
Jewellery
 p - a +4 amulet of reflection (around neck)
 y - a +6 ring of strength (left hand)
 z - a ring of flight (right hand)
 O - an uncursed ring of protection from cold {unknown}
 R - a +3 ring of protection {unknown}
Wands
 b - a wand of acid (6/15)
 G - a wand of lightning (5/15)
 S - a wand of paralysis (13/24)
Scrolls
 m - 4 scrolls of amnesia
 r - a scroll of blinking {unknown}
 t - 2 scrolls of enchant weapon
 u - a scroll of magic mapping {unknown}
 x - 3 scrolls of remove curse
 A - a scroll of noise
 B - 2 scrolls of identify {unknown}
 C - a scroll of fog {unknown}
 F - a scroll of fear {unknown}
 H - 3 scrolls of teleportation
 J - a scroll of immolation {unknown}
 K - a scroll of enchant armour {unknown}
 L - a scroll of acquirement {unknown}
 Q - a scroll of summoning {unknown}
Potions
 d - 3 potions of might
 e - a potion of heal wounds {unknown}
 g - 2 potions of degeneration {unknown}
 h - a potion of cancellation {unknown}
 l - 6 potions of brilliance {unknown}
 n - 2 potions of curing {unknown}
 o - 2 potions of magic {unknown}
 q - a potion of haste {unknown}
 s - a potion of berserk rage {unknown}
 v - a potion of ambrosia {unknown}
 I - a potion of flight {unknown}
 N - 2 potions of mutation {unknown}
 P - a potion of invisibility
Books
 E - a book of Maledictions

   Spells                             Type                      Level
   a - Corona                         Hexes                        1
   b - Ensorcelled Hibernation        Hexes/Ice                    2
   c - Confuse                        Hexes                        3
   d - Tukima's Dance                 Hexes                        3
   e - Dazzling Spray                 Conjuration/Hexes            3
Comestibles
 a - 7 chunks of flesh
 f - 3 bread rations
 i - 3 meat rations
 j - 2 royal jellies
 k - 5 fruits


   Skills:
 + Level 6.4 Fighting
 + Level 5.4 Maces & Flails
 + Level 6.7 Armour
 * Level 6.0 Dodging
 - Level 3.2 Shields


You had 8 spell levels left.
You didn't know any spells.

Dungeon Overview and Level Annotations

Branches:
Dungeon (7/15)             Temple (1/1) D:5

Altars:
Ashenzari
Cheibriados
Dithmenos
Elyvilon
Fedhas
Gozag
Hepliaklqana
Kikubaaqudgha
Makhleb
Nemelex Xobeh
Okawaru
Qazlal
Ru
Sif Muna
Trog
Uskayaw
Vehumet
Xom
Yredelemnul
Zin
The Shining One


Innate Abilities, Weirdness & Mutations

You are resistant to torment.
Your stone body is resilient. (AC +5)
You are immune to poison.
You resist negative energy. (rN+)
You are resistant to electric shocks. (rElec)
You can survive without breathing.
You are immune to petrification.
You are immune to rotting.


Message History

You feel very mighty all of a sudden. The gnoll hits you but does no damage.
Your shield and plate armour prevent you from hitting the orc knight.
The orc knight is moderately wounded.
The orc knight hits you with a great sword!
The gnoll hits you from afar with a halberd of electrocution.
* * * LOW HITPOINT WARNING * * *
You hit the orc knight.
The orc knight is heavily wounded.
The orc knight hits you with a great sword!
* * * LOW HITPOINT WARNING * * *
You block the gnoll's attack.
You hit the orc knight.
The orc knight is heavily wounded.
You block the orc knight's attack. The gnoll closely misses you.
Your shield and plate armour prevent you from hitting the orc knight.
The orc knight is heavily wounded.
You block the gnoll's attack.
The orc knight hits you with a great sword!
You die... ##### ### ## #o@.###.# #.# #g###'##'##'# gg ##.....# .gg

###.....###
..⌠
#.'..⌠..'.#
..
###.....###
. ##.....##
##'##'##)##
#.###.###.#


You could see an orc knight, 4 gnolls and a hobgoblin.

Vanquished Creatures
  A water moccasin (D:6)
  A sky beast (D:7)
  An orc warrior (D:6)
  A necrophage (D:7)
  3 ogres
  A centaur (D:5)
  A big kobold (D:7)
  5 bullfrogs
  2 scorpions
  A howler monkey (D:4)
  A crimson imp (D:6)
  A quasit (D:5)
  2 orc priests
  2 centaur skeletons
  2 iguanas (D:5)
  Terence (D:2)
  4 worker ants
  A hound skeleton (D:7)
  A howler monkey zombie (D:5)
  11 gnolls
  A howler monkey skeleton (D:6)
  5 adders
  2 shadow imps
  An ooze (D:7)
  2 worms
  A dart slug (D:5)
  7 leopard geckos
  6 orcs
  A giant cockroach (D:1)
  A goblin (D:1)
  12 hobgoblins
  5 jackals
  22 kobolds
  2 quokkas
  A ball python (D:2)
  7 bats
  2 frilled lizards
  A jackal skeleton (D:4)
  A quokka skeleton (D:4)
  4 rats
127 creatures vanquished.

Vanquished Creatures (others)
  2 hobgoblins (Bailey)
  2 kobolds
  3 fungi (D:4)
7 creatures vanquished.

Grand Total: 134 creatures vanquished

Notes
Turn   | Place    | Note
-------+----------+-------------------------------------------
     0 | D:1      | MovingMist the Gargoyle Fighter began the quest for the Orb.
     0 | D:1      | Reached XP level 1. HP: 14/14 MP: 1/1
   148 | D:1      | Reached XP level 2. HP: 19/19 MP: 2/2
   286 | D:1      | Reached skill level 1 in Dodging
   486 | D:1      | Reached XP level 3. HP: 23/24 MP: 3/3
   680 | D:2      | Found a faded altar of an unknown god.
  1188 | D:2      | Noticed Terence
  1224 | D:2      | Killed Terence
  1224 | D:2      | Reached XP level 4. HP: 17/29 MP: 4/4
  1929 | D:3      | Reached XP level 5. HP: 13/33 MP: 5/5
  2502 | D:4      | Reached XP level 6. HP: 38/38 MP: 6/6
  3117 | D:5      | Entered Level 5 of the Dungeon
  3211 | D:5      | Found a shadowy altar of Dithmenos.
  3247 | D:5      | Reached skill level 5 in Armour
  3247 | D:5      | Reached XP level 7. HP: 44/44 MP: 7/7
  3313 | D:5      | Found a staircase to the Ecumenical Temple.
  3331 | Temple   | Entered the Ecumenical Temple
  3370 | Temple   | Became a worshipper of Warmaster Okawaru
  3699 | D:5      | Reached skill level 5 in Fighting
  3949 | D:6      | Reached XP level 8. HP: 48/49 MP: 8/8
  4087 | D:6      | Reached * piety under Okawaru
  4569 | D:6      | Reached skill level 5 in Dodging
  5015 | D:7      | Reached skill level 5 in Maces & Flails
  5078 | D:7      | Reached ** piety under Okawaru
  5095 | D:7      | Reached XP level 9. HP: 47/55 MP: 9/9
  5189 | D:7      | Found a flagged portal.
  5202 | Bailey   | Entered a bailey
  5390 | Bailey   | Noticed an orc knight
  5411 | Bailey   | HP: 2/56 [orc knight/great sword (11)]
  5413 | Bailey   | Mangled by an orc knight

Skill      XL: |  1  2  3  4  5  6  7  8  9 |
---------------+----------------------------+-----
Dodging        | 1 2 3 4 5 6 |  6.0
Armour         | 4 5 6 |  6.7
Fighting       | 4 5 6 |  6.4
Maces & Flails | 3 4 5 |  5.4
Shields        | |  3.2

Action                   |  1- 3 |  4- 6 |  7- 9 || total
-------------------------+-------+-------+-------++-------
Melee: Flail             |   181 |   182 |   345 ||   708
Throw: Javelin           |       |       |     2 ||     2
Invok: Heroism           |       |       |     1 ||     1
  Use: Scroll            |       |       |     5 ||     5
       Potion            |       |       |     1 ||     1
  Eat: Chunk             |     1 |     7 |     4 ||    12
       Bread ration      |       |       |     1 ||     1
Armor: Scale mail        |    93 |    28 |       ||   121
       Chain mail        |       |    58 |       ||    58
       Plate armour      |       |     5 |   211 ||   216
Dodge: Dodged            |    44 |    44 |    91 ||   179
Block: Shield            |   117 |   129 |   338 ||   584
       Reflection        |       |     2 |    13 ||    15
